cohdb
Replays
Latest Replays
All Replays
Popular Replays
Top Player Replays
Match Explorer
How It Works
Community
CoH3 Stats
Reddit
Sign in to upload your games and track your stats! →
Sign in with Steam
Match 22788323
Unlisted
Match 22788323
Overview
Messages
Build Orders
End
Construct Infanterie Kompanie
Kettenkrad Recon Vehicle
Grenadier Squad
Grenadier Squad
MG 42 Machine Gun Team
Grenadier Squad
Selects Mechanized Battlegroup
Construct Panzergrenadier Kompanie
Grenadier Squad
Support Elements
Selects Raid Package
StuG III G Assault Gun
Pak 40 Anti-tank Gun Team
Medical Station
Selects 8 Rad Armored Car
8 Rad Armored Car
MG 42 Machine Gun Team
Pioneer Squad
Selects UNKNOWN (2160084)
Construct Panzer Kompanie
Selects Spotting Scopes
Selects Stoßtruppen Assault Package
Sturmpanzer IV Brummbär
Side Skirts
Panzer Officer Quarters
Pak 40 Anti-tank Gun Team
Pak 40 Anti-tank Gun Team
Panther Heavy Tank
Panther Heavy Tank
Sturmpanzer IV Brummbär
MG 42 Machine Gun Team
Selects Zeroing Artillery Barrage
Zeroing Artillery Barrage
Zeroing Artillery Barrage
DanBruhhDan
MuchShiba
Ripsy
benj
lukassandholzer
Melldoom
0
0
Comments
sign in to comment!
No comments posted yet!